 Dungeon Crawl Stone Soup version 0.17-b1-20-g63edfd6 (webtiles) character file.

326 M4edhros the Sneak (level 6, 0/38 HPs)
             Began as an Octopode Artificer on Nov 4, 2015.
             Slain by an orc wizard
             ... wielding a +0 dagger
              (2 damage)
             ... on level 6 of the Dungeon.
             The game lasted 00:04:03 (1987 turns).

M4edhros the Sneak (Octopode Artificer)             Turns: 1987, Time: 00:04:03

Health: 0/38       AC:  1    Str: 11    XL:     6   Next: 49%
Magic:  9/9        EV: 12    Int: 14    God:
Gold:   40         SH:  0    Dex: 14    Spells: 0 memorised, 5 levels left

rFire  . . .     SeeInvis .     a - +0 short sword
rCold  . . .     Clarity  .     (no shield)
rNeg   . . .     SustAt   .     (helmet restricted)
rPois  .         Gourm    .     (no amulet)
rElec  .         Spirit   .     (no ring)
rCorr  .         Warding  .     (no ring)
rMut   .         Stasis   .     (no ring)
MR     .....                    (no ring)
Stlth  +++++.....               (no ring)
                                (no ring)
                                (no ring)
                                (no ring)

@: not resistant to hostile enchantments, quite stealthy
A: almost no armour, amphibious, 8 rings, constrict 8, camouflage 1, gelatinous
body 1
a: no special abilities


You were on level 6 of the Dungeon.
You were not hungry.

You visited 1 branch of the dungeon, and saw 4 of its levels.

You collected 40 gold pieces.

Inventory:

Hand Weapons
 a - a +0 short sword (weapon)
Missiles
 f - 31 sling bullets
 h - 92 stones (quivered)
Wands
 b - a wand of flame (3)
 c - a wand of enslavement (9)
 d - a wand of random effects (11)
 o - a wand of magic darts (16)
Scrolls
 g - a scroll of remove curse {unknown}
 j - a scroll of teleportation {unknown}
 p - a scroll of noise {unknown}
Potions
 i - a potion of agility {unknown}
 k - a potion of haste {unknown}
Comestibles
 e - 2 bread rations
 l - 3 meat rations
 m - 2 slices of pizza
 n - a beef jerky


   Skills:
 - Level 1.0 Fighting
 - Level 1.0 Short Blades
 - Level 2.0 Dodging
 * Level 7.7 Stealth
 + Level 5.0 Evocations


You had 5 spell levels left.
You didn't know any spells.

Dungeon Overview and Level Annotations

Branches:
Dungeon (6/15)
 Temple: D:4-7

Altars:
Dithmenos
Elyvilon
Sif Muna
Zin
The Shining One

Annotations:
D:3 chonchonts's ghost, weakling MiFi


Innate Abilities, Weirdness & Mutations

You cannot wear most types of armour.
You are amphibious.
You can wear up to eight rings at the same time.
You can use your tentacles to constrict eight enemies at once.
Your skin changes colour to match your surroundings (Stealth).
Your rubbery body absorbs attacks (AC +1).


Message History

You see here 12 stones.
You start resting.
There is a strange disturbance nearby!
Evoke which item? (* to show all) (? for menu, Esc to quit)
Zapping:
b - a wand of flame (5)
Press: ? - help, Shift-Dir - straight line This wand has 4 charges left.
Evoke which item? (* to show all) (? for menu, Esc to quit)
Zapping:
b - a wand of flame (4)
Press: ? - help, Shift-Dir - straight line, f - you The puff of flame hits something.
This wand has 3 charges left.
Something hits you. x2
* * * LOW HITPOINT WARNING * * *
You miss something.
You hear some strange, mumbled words.
A puff of flame appears from out of thin air!
The puff of flame hits you!
* * * LOW HITPOINT WARNING * * *
You barely miss something. Your squeeze misses something. Something hits you.
You die...

##)#.###.###
............
##.#####.###
##.......#
#.....#### #.....#
#.....#
#.....##############
#...............@{.#
#.....############.#
†.....# #.# #.....#
#.# #.....# #.#
#.....###### #.#
...........# #.#
...........#######.#
.......†.......(...#


There were no monsters in sight!

Vanquished Creatures
  Blork the orc (D:6)
  A giant frog (D:6)
  A jelly (D:6)
  A hound (D:6)
  Jessica (D:2)
  A worker ant (D:6)
  3 adders
  A worm (D:3)
  An orc (D:6)
  A giant cockroach (D:1)
  6 goblins
  5 hobgoblins
  A bat (D:2)
  A giant newt (D:3)
  3 kobolds
  5 rats
33 creatures vanquished.

Vanquished Creatures (collateral kills)
  A water moccasin zombie (D:6)
  A kobold (D:3)
2 creatures vanquished.

Vanquished Creatures (others)
  A hobgoblin (D:3)
1 creature vanquished.

Grand Total: 36 creatures vanquished

Notes
Turn   | Place    | Note
--------------------------------------------------------------
     0 | D:1      | M4edhros the Octopode Artificer began the quest for the Orb.
     0 | D:1      | Reached XP level 1. HP: 13/13 MP: 3/3
   147 | D:1      | Reached XP level 2. HP: 9/18 MP: 4/4
   338 | D:2      | Found a glowing golden altar of the Shining One.
   341 | D:2      | Found a white marble altar of Elyvilon.
   344 | D:2      | Found a glowing silver altar of Zin.
   551 | D:2      | Reached XP level 3. HP: 23/23 MP: 5/5
   621 | D:2      | Found a shadowy altar of Dithmenos.
   765 | D:2      | Found a deep blue altar of Sif Muna.
   884 | D:2      | Noticed Jessica
   890 | D:2      | Killed Jessica
   890 | D:2      | Reached skill level 4 in Stealth
  1137 | D:3      | Reached XP level 4. HP: 8/28 MP: 5/7
  1257 | D:3      | Noticed chonchonts's ghost (weakling MiFi)
  1450 | D:3      | You fall through a shaft for 3 floors!
  1456 | D:6      | Noticed a giant frog
  1459 | D:6      | Killed a giant frog
  1459 | D:6      | Reached skill level 5 in Stealth
  1459 | D:6      | Reached XP level 5. HP: 8/33 MP: 8/8
  1698 | D:6      | Noticed Blork the orc
  1702 | D:6      | Killed Blork the orc
  1702 | D:6      | Reached skill level 6 in Stealth
  1724 | D:6      | Reached skill level 7 in Stealth
  1724 | D:6      | Reached XP level 6. HP: 38/38 MP: 9/9
  1947 | D:6      | Reached skill level 5 in Evocations
  1986 | D:6      | HP: 1/38 [something/puff of flame (10)]
  1987 | D:6      | Slain by an orc wizard

Action                   |  1- 3 |  4- 6 || total
-------------------------+-------+-------++-------
Melee: Short sword       |    42 |    27 ||    69
Evoke: Wand              |     1 |    21 ||    22
 Stab: Sleeping          |     9 |     1 ||    10
  Eat: Chunk             |       |     3 ||     3
